 Dungeon Crawl Stone Soup version 0.20-a0-927-g1ae2c61 (webtiles) character file.

318 Lifeless the Twirler (level 6, 0/47 HPs)
             Began as a Human Wanderer on Mar 28, 2017.
             Killed from afar by an orc wizard (9 damage)
             ... with a magic dart
             ... on level 4 of the Dungeon on Mar 29, 2017.
             The game lasted 00:26:14 (4281 turns).

Lifeless the Twirler (Human Wanderer)               Turns: 4281, Time: 00:26:15

Health: 0/47       AC:  4    Str: 16    XL:     6   Next: 74%
Magic:  7/7        EV: 12    Int: 11    God:
Gold:   225        SH:  0    Dex: 14    Spells: 7/7 levels left

rFire    . . .     SeeInvis .   a - +2 quarterstaff
rCold    . . .     Gourm    .   (shield currently unavailable)
rNeg     . . .     Faith    .   n - +0 leather armour
rPois    .         Spirit   .   (no helmet)
rElec    .         Reflect  .   q - +0 cloak
rCorr    .         Harm     .   (no gloves)
MR       .....                  (no boots)
Stlth    ++........             r - amulet of rage
Regen    0.2/turn               k - +2 ring of strength
MPRegen  0.1/turn               (no ring)

@: slowed, very slow
A: no striking features
a: Evoke Berserk Rage


You were on level 4 of the Dungeon.
You were not hungry.

You visited 1 branch of the dungeon, and saw 4 of its levels.

You collected 225 gold pieces.

Inventory:

Hand Weapons
 a - a +2 quarterstaff (weapon)
Missiles
 e - 8 javelins (quivered)
 h - 3 tomahawks
Armour
 n - a +0 leather armour (worn)
 q - a +0 cloak (worn)
Jewellery
 k - a +2 ring of strength (left hand)
 r - an amulet of rage (around neck)
Scrolls
 b - 3 scrolls of teleportation
 i - a scroll of blinking {unknown}
 j - 3 scrolls of remove curse
 l - 2 scrolls of fog
 o - 2 scrolls of amnesia
 p - a scroll of enchant armour {unknown}
 t - a scroll of recharging {unknown}
 u - a scroll of fear {unknown}
Potions
 g - 4 potions of curing
Comestibles
 d - a royal jelly
 f - 2 bread rations
 m - 3 fruits
 s - a meat ration


   Skills:
 + Level 3.5 Fighting
 + Level 4.4 Staves
 + Level 2.0 Throwing
 + Level 0.2 Armour
 + Level 2.7 Dodging
 + Level 1.3 Stealth
 + Level 1.0 Spellcasting
   Level 1.0 Charms
   Level 1.0 Air Magic
 + Level 1.1 Evocations


You had 7 spell levels left.
You didn't know any spells.

Dungeon Overview and Level Annotations

Branches:
Dungeon (4/15)
 Temple: D:4-7

Altars:

Shops:
D:4 :

Annotations:
D:4 Sigmund


Message History

The orc priest calls down the wrath of Beogh upon you.
You barely resist. You closely miss the orc priest.
The orc priest is severely wounded.
The orc priest hits you with a hand axe.
You sock the orc priest!
You kill the orc priest!
The orc wizard gestures at you while chanting.
You feel yourself slow down.
The orc wizard gestures wildly while chanting.
The orc wizard seems to speed up.
The orc wizard casts a spell at you. The magic dart hits you!
* * * LOW HITPOINT WARNING * * *
The orc wizard gestures wildly while chanting.
The orc wizard blinks!
Okay, then.
The orc wizard points at you and mumbles some strange words.
The magic dart hits you!
You die...

##### #.######.###.#.
#...# ####.# #.###.#.
#...# #<##.# #.#.....
####...#### #.##.#
##.######
#....^....######....#
#........
..............)....##
#######..
.............#####.####
#..
.............#####....#
####..
............o§..@'....+
+.(...
.............#####....#
##(##. .............#
#....# #[###
.......(...∩.#
#....#######)###
##########...#
#....##.(....... #...#
#....##.........
#..h#####.....#.........
#.......#.....#.........
#.......#####...........


You could see an orc wizard.

Vanquished Creatures
  An ogre (D:4)
  A howler monkey (D:4)
  An orc priest (D:4)
  An iguana (D:4)
  A worker ant (D:4)
  3 adders (D:3)
  4 worms
  2 dart slugs
  2 leopard geckos (D:3)
  6 orcs (D:4)
  6 bats
  2 giant cockroaches
  5 goblins
  3 hobgoblins
  11 jackals
  2 ball pythons
  7 frilled lizards
  A jackal skeleton (D:4)
  6 kobolds
  A quokka skeleton (D:4)
  9 rats
75 creatures vanquished.

Notes
Turn   | Place    | Note
-------+----------+-------------------------------------------
     0 | D:1      | Lifeless the Human Wanderer began the quest for the Orb.
     0 | D:1      | Lifeless set off with: a +2 quarterstaff, a scroll of teleportation, a potion of lignification, a +0 robe, a bread ration
     0 | D:1      | Reached XP level 1. HP: 16/16 MP: 2/2
     2 | D:1      | Noticed an electric eel
   255 | D:1      | Reached XP level 2. HP: 18/23 MP: 3/3
   739 | D:2      | Reached XP level 3. HP: 28/28 MP: 4/4
  1894 | D:3      | Reached XP level 4. HP: 30/34 MP: 5/5
  1989 | D:3      | Found a faded altar of an unknown god.
  2207 | D:3      | Reached skill level 3 in Staves
  3069 | D:3      | Reached skill level 1 in Stealth
  3270 | D:4      | Reached XP level 5. HP: 40/40 MP: 6/6
  3271 | D:4      | Noticed an ogre
  3286 | D:4      | Killed an ogre
  3406 | D:4      | Found Inosh's Book Emporium.
  3474 | D:4      | Noticed Sigmund
  3476 | D:4      | Reached skill level 4 in Staves
  3476 | D:4      | Reached XP level 6. HP: 35/47 MP: 7/7
  4281 | D:4      | Killed from afar by an orc wizard

Vault maps used:
D:1:      arrival_aquarium_a, st_stairs_9
D:2:      kennysheep_another_room
D:3:      chequers_ecumenical_altar_simple_redux, first_bread
D:4:      serial_shops, shop, uniq_sigmund

Skill      XL: |  1  2  3  4  5  6 |
---------------+-------------------+-----
Staves         | 3 4 |  4.4
Dodging        | 2 |  2.7
Stealth        | 1 |  1.3
Fighting       | 3 |  3.5
Throwing       | 2 |  2.0
Armour         | |  0.2
Spellcasting   | |  1.0
Charms         | |  1.0
Air Magic      | |  1.0
Evocations     | |  1.1

Action                   |  1- 3 |  4- 6 || total
-------------------------+-------+-------++-------
Melee: Quarterstaff      |    85 |   132 ||   217
Throw: Javelin           |    10 |    21 ||    31
 Abil: Evoke Berserk Rag |     1 |     1 ||     2
  Use: Potion            |       |     4 ||     4
       Scroll            |       |     6 ||     6
 Stab: Sleeping          |     2 |       ||     2
  Eat: Chunk             |     1 |     6 ||     7
       Meat ration       |     1 |       ||     1
Armor: Robe              |    21 |    12 ||    33
       Skin              |       |     2 ||     2
Dodge: Dodged            |    64 |    91 ||   155
